 Dungeon Crawl Stone Soup version 0.31-a0-981-geadf994542 (webtiles) character file.

Game seed: 3393444945195901361

1139 Frost42 the Ruffian (level 8, -6/80 HPs)
             Began as a Troll Berserker on Oct 31, 2023.
             Was an Elder of Trog.
             Mangled by an ogre
             ... wielding a +0 giant club
              (8 damage)
             ... on level 6 of the Dungeon on Nov 1, 2023.
             The game lasted 00:36:15 (6108 turns).

Frost42 the Ruffian (Troll Berserker)               Turns: 6108, Time: 00:36:17

Health: -6/80      AC:  9    Str: 28    XL:     8   Next: 14%
Magic:  3/6        EV:  9    Int:  3    God:    Trog [****..]
Gold:   2          SH:  8    Dex:  9    Spells: 7/7 levels left

rFire   . . .        t - +0 trident (vamp)
rCold   . . .        o - +2 kite shield
rNeg    . . .        p - +1 animal skin
rPois   .            (helmet restricted)
rElec   .            f - +1 cloak
rCorr   .            (gloves unavailable)
SInv    .            (boots unavailable)
Will    +....        (no amulet)
Stlth   +            u - ring of willpower
HPRegen 1.13/turn    (no ring)
MPRegen 0.10/turn

%: no passive effects
@: no status effects
A: large, unfitting armour, claws 3, regeneration 1, shaggy fur 1, tough skin 1,
iridescent scales 1, low MP 1, MP-powered wands
a: Renounce Religion, Berserk, Trog's Hand, Brothers in Arms


You were on level 6 of the Dungeon.
You worshipped Trog.
Trog was greatly pleased with you.
You visited 1 branch of the dungeon, and saw 6 of its levels.
You also visited: Sewer.

You collected 296 gold pieces.
You spent 294 gold pieces at shops.

Inventory:

Hand Weapons
 c - a +1 battleaxe of venom
 d - a +1 whip of electrocution
 h - a +2 dagger of draining
 t - a +0 vampiric trident (weapon)
 C - a +0 heavy spear
Missiles
 b - 18 stones
 r - 4 curare-tipped darts
 x - 6 poisoned darts (quivered)
Armour
 f - a +1 cloak (worn)
 o - a +2 kite shield (worn)
 p - a +1 animal skin (worn)
 y - an orb of guile
Jewellery
 u - a ring of willpower (left claw)
Talismans
 j - a maw talisman
Wands
 k - a wand of acid (12)
 l - a wand of charming (3)
 z - a wand of flame (3)
Scrolls
 a - 2 scrolls of enchant armour {unknown}
 m - 2 scrolls of blinking
 n - 2 scrolls of immolation {unknown}
 w - a scroll of revelation
 A - a scroll of fear {unknown}
Potions
 g - a potion of attraction {unknown}
 i - 2 potions of haste
 s - a potion of might {unknown}
 v - a potion of mutation


   Skills:
 * Level 5.3 Fighting
 * Level 5.3 Dodging
 + Level 6.1 Unarmed Combat


You had 7 spell levels left.
You didn't know any spells.
Your spell library was empty.

Dungeon Overview and Level Annotations

Branches:
Dungeon (6/15)             Temple (0/1) D:6           Sewer (visited)

Altars:
Dithmenos
Kikubaaqudgha
Ru
Xom
Yredelemnul

Shops:
D:6 (


Innate Abilities, Weirdness & Mutations

You are too large for most types of armour.
You have claws for hands.
Your natural rate of healing is unusually fast.
You are covered in fur. (AC +1)
You have tough skin. (AC +1)
You are partially covered in iridescent scales. (AC +2)
Your magical capacity is low. (-10% MP)
You expend magic power (3 MP) to strengthen your wands.


Message History

You hit the ogre but do no damage.
The ogre is moderately wounded.
You block the ogre's attack.
You barely miss the ogre.
The ogre is moderately wounded.
The ogre hits you with a +0 giant club!!
You hit the ogre but do no damage.
The ogre is moderately wounded.
The ogre closely misses you.
You hit the ogre.
You feel better.
The ogre is moderately wounded.
The ogre barely misses you.
You puncture the ogre!
You feel better.
The ogre is severely wounded.
The ogre closely misses you.
You hit the ogre but do no damage.
The ogre is severely wounded.
You hit the ogre.
You feel better.
The ogre is severely wounded.
The ogre misses you.
You barely miss the ogre.
The ogre is severely wounded.
The ogre hits you with a +0 giant club!!
* * * LOW HITPOINT WARNING * * *
You hit the ogre.
The ogre is almost dead.
The ogre hits you with a +0 giant club!!
* * * LOW HITPOINT WARNING * * *
Unknown command.
Aiming: Charm
Press: ? - help, Shift-Dir - straight line, f - ogre
Aim: an ogre, wielding a +0 giant club (almost dead, chance to affect: 52%)
Okay, then.
Aiming: Charm
Press: ? - help, Shift-Dir - straight line, f - ogre
Aim: an ogre, wielding a +0 giant club (almost dead, chance to affect: 52%)
You feel a surge of power!
The ogre resists with significant effort.
The ogre hits you with a +0 giant club!
You die...

##.....####..#
#####.......#
#####...# ##
###.##. #.#..
#.#.# #.#.#
#.#O# #..@#
#####


You could see an ogre.

Vanquished Creatures
  An ice beast (D:5)
  An ogre (D:4)
  A bullfrog (D:6)
  4 scorpions
  2 jellies
  A gnoll bouda (D:6)
  A hound (D:6)
  A sleepcap (D:5)
  Jessica (D:3)
  4 iguanas
  A hell rat (Sewer)
  Terence (D:2)
  Robin (D:2)
  8 gnolls
  7 adders
  2 river rats (Sewer)
  2 white imps (D:5)
  2 ufetubi (D:5)
  6 worms
  3 dart slugs
  5 orcs
  9 bats
  7 endoplasms
  7 giant cockroaches
  14 goblins
  9 hobgoblins
  6 quokkas
  9 ball pythons
  4 frilled lizards (D:2)
  11 kobolds
  14 rats
145 creatures vanquished.

Vanquished Creatures (collateral kills)
  A gnoll (D:6)
1 creature vanquished.

Vanquished Creatures (others)
  A gnoll (D:6)
1 creature vanquished.

Grand Total: 147 creatures vanquished

Notes
Turn   | Place    | Note
-------+----------+-------------------------------------------
     0 | D:1      | Frost42 the Troll Berserker began the quest for the Orb.
     0 | D:1      | Reached XP level 1. HP: 22/22 MP: 0/0
   225 | D:1      | Reached XP level 2. HP: 29/29 MP: 1/1
   503 | D:1      | Reached XP level 3. HP: 36/36 MP: 2/2
   950 | D:2      | Noticed Terence
   973 | D:2      | Killed Terence
   974 | D:2      | Reached XP level 4. HP: 44/45 MP: 3/3
   977 | D:2      | Reached ** piety under Trog
  1092 | D:2      | Noticed Robin
  1099 | D:2      | Killed Robin
  1102 | D:2      | Reached skill level 4 in Unarmed Combat
  1408 | D:2      | Reached XP level 5. HP: 49/53 MP: 4/4
  2098 | D:3      | Reached *** piety under Trog
  2316 | D:3      | Found an ancient bone altar of Kikubaaqudgha.
  2316 | D:3      | Found a shimmering altar of Xom.
  2317 | D:3      | Found a sacrificial altar of Ru.
  2439 | D:3      | Noticed Jessica
  2456 | D:3      | Killed Jessica
  3070 | D:4      | Noticed an ogre
  3081 | D:4      | Killed an ogre
  3082 | D:4      | Reached XP level 6. HP: 41/62 MP: 5/5
  3483 | D:4      | Reached skill level 5 in Unarmed Combat
  3791 | D:4      | Reached XP level 7. HP: 62/71 MP: 6/6
  4044 | D:5      | Entered Level 5 of the Dungeon
  4088 | D:5      | Found a shadowy altar of Dithmenos.
  4386 | D:5      | Reached **** piety under Trog
  4530 | D:5      | Found a glowing drain.
  4548 | Sewer    | Entered a sewer
  4722 | D:5      | Gained mutation: You expend magic power (3 MP) to
                  | strengthen your wands. [potion of mutation]
  4722 | D:5      | Gained mutation: Your magical capacity is low. (-10% MP)
                  | [potion of mutation]
  4722 | D:5      | Gained mutation: You are partially covered in iridescent
                  | scales. (AC +2) [potion of mutation]
  5408 | D:6      | Found Baepey's Antique Weapon Boutique.
  5427 | D:6      | Bought a glowing spear for 114 gold pieces
  5569 | D:6      | Found a staircase to the Ecumenical Temple.
  5587 | D:6      | Reached skill level 5 in Fighting
  5587 | D:6      | Reached skill level 5 in Dodging
  5659 | D:6      | Reached skill level 6 in Unarmed Combat
  5659 | D:6      | Reached XP level 8. HP: 80/80 MP: 6/6
  5738 | D:6      | Found a basalt altar of Yredelemnul.
  5927 | D:6      | Bought a glowing battleaxe for 180 gold pieces
  6107 | D:6      | HP: 1/80 [ogre/+0 giant club (24)]
  6108 | D:6      | Mangled by an ogre

Illustrated notes

Levels and vault maps discovered:
D:1:      dpeg_arrival_prison, layout_basic
D:2:      layout_basic, minmay_misc_feat_ornament, minmay_nonomino_d4,
          uniq_robin, uniq_terence
D:3:      layout_basic, chequers_temple_overflow_statue_of_worship, uniq_jessica
D:4:      layout_gridville, nicolae_twisty_statue_hallways
D:5:      layout_basic, nicolae_dithmenos_through_a_glass_darkly,
          gup_sewer_entry_bubbles
D:6:      layout_rooms, nicolae_hepliaklqana_hippocampus, lemuel_tele_altar,
          minmay_temple_entry_glassed_door, serial_shops,
          nicolae_shop_tiny_waterfront

Skill      XL: |  1  2  3  4  5  6  7 |
---------------+----------------------+-----
Fighting       | 3 4 5 |  5.3
Dodging        | 3 4 5 |  5.3
Unarmed Combat | 4 5 6 |  6.1

Action                     |  1- 3 |  4- 6 |  7- 9 || total
---------------------------+-------+-------+-------++-------
  Melee: Unarmed           |    74 |    39 |       ||   113
         Spear             |       |   107 |    12 ||   119
         Whip              |       |   136 |   176 ||   312
         Trident           |       |       |    19 ||    19
  Throw: Stone             |       |    22 |    14 ||    36
         Dart              |       |     3 |     7 ||    10
 Invoke: Trog's Hand       |       |     1 |       ||     1
  Evoke: Wand              |       |       |     2 ||     2
    Use: Scroll            |       |     4 |     7 ||    11
         Potion            |       |     2 |     4 ||     6
 Armour: Animal skin       |    87 |   297 |   170 ||   554
  Dodge: Dodged            |    70 |   159 |   102 ||   331
  Block: Kite shield       |       |   213 |   117 ||   330

Table legend: (Time is in decaauts)
 A = Elapsed time spent in this place.
 B = Non-inter-level travel time spent in this place.
 C = Inter-level travel time spent in this place.
 D = Time resting spent in this place.
 E = Time spent auto-exploring this place.
 F = Levels seen in this place.
 G = Mean time per level.
                   A        B        C        D        E       F      G
               +--------+--------+--------+--------+--------+-----+--------+
         Total |   6220 |   5802 |    418 |      0 |    996 |   7 |  888.6 |
       Dungeon |   6076 |   5658 |    418 |      0 |    996 |   6 | 1012.7 |
         Sewer |    143 |    143 |      0 |      0 |      0 |   1 |  143.0 |
               +--------+--------+--------+--------+--------+-----+--------+

Top non-repeatable levels by time:
     D:5: 1271 daAuts
     D:2: 1097 daAuts
     D:3: 1049 daAuts
     D:4: 993 daAuts
     D:1: 957 daAuts
     D:6: 706 daAuts
   Sewer: 143 daAuts
